 Dungeon Crawl Stone Soup version 0.31-a0-246-g8cbcc1cb85 (webtiles) character file.

Game seed: 6608426530670364440

123 qw the Shooter (level 4, -5/36 HPs)
             Began as a Minotaur Hexslinger on July 12, 2023.
             Slain by a yak (9 damage)
             ... on level 6 of the Dungeon.
             The game lasted 00:00:53 (2027 turns).

qw the Shooter (Minotaur Hexslinger)                Turns: 2027, Time: 00:00:54

Health: -5/36      AC:  5    Str: 13    XL:     4   Next: 79%
Magic:  4/4        EV: 11    Int: 10    God:
Gold:   110        SH:  0    Dex: 14    Spells: 4/5 levels left

rFire   . . .        Y - +2 sling
rCold   . . .        (no shield)
rNeg    . . .        g - +0 ring mail
rPois   .            (helmet restricted)
rElec   .            (no cloak)
rCorr   .            (no gloves)
SInv    .            (no boots)
Will    .....        (no amulet)
Stlth   +            (no ring)
HPRegen 0.26/turn    (no ring)
MPRegen 0.09/turn

%: no passive effects
@: no status effects
A: horns 2, retaliatory headbutt
a: no special abilities


You were on level 6 of the Dungeon.
You visited 1 branch of the dungeon, and saw 4 of its levels.

You collected 110 gold pieces.


Innate Abilities, Weirdness & Mutations

You have a pair of horns on your head.
You reflexively headbutt those who attack you in melee.


   Skills:
 + Level 2.2 Fighting
 - Level 5.0 Ranged Weapons
 - Level 1.5 Armour
 - Level 2.1 Dodging
 - Level 1.0 Spellcasting
 - Level 2.0 Hexes


You had 4 spell levels left.
You knew the following spells:

 Your Spells              Type           Power      Damage    Failure   Level
a - Slow                  Hex            16%        N/A       32%         1

Your spell library contained the following spells:

 Spells                   Type           Power      Damage    Failure   Level
 Inner Flame              Hex/Fire       2%         N/A       82%         3
 Portal Projectile        Hex/Tloc       4%         N/A       82%         3
 Cause Fear               Hex            2%         N/A       97%         4

Inventory:

Hand Weapons
 Y - a +2 sling (weapon)
Armour
 g - a +0 ring mail (worn)
Scrolls
 b - a scroll of silence {unknown}
 f - a scroll of identify
Potions
 a - a potion of invisibility {unknown}
 c - a potion of heal wounds {unknown}
 d - a potion of brilliance {unknown}
 e - a potion of curing

Dungeon Overview and Level Annotations

Branches:
Dungeon (6/15)
 Temple: D:4-7

Altars:
Kikubaaqudgha


Message History

The sling bullet barely misses the endoplasm.
You shoot a sling bullet. The sling bullet hits the endoplasm.
You kill the endoplasm!
You see here an adder skeleton.
A sourceless malevolence fills the Dungeon...
You fall into a shaft and drop 3 floors!
The shaft crumbles and collapses. 2 yaks come into view.
Found a buckler.
Found a stone staircase leading down.
The yak bellows! x2; You hear a bellow!
The yak moves out of view.
You hear a bellow! x2
Waypoint 3 assigned to D:6.
You shoot a sling bullet.
The sling bullet hits the yak but does no damage.
A yak comes into view.
You shoot a sling bullet. The sling bullet barely misses the yak.
A yak comes into view.
You shoot a sling bullet. The sling bullet barely misses the yak.
A yak comes into view.
You shoot a sling bullet. The yak bellows!
The sling bullet hits the yak.
The yak is lightly wounded.
The yak barely misses you. The yak gores you.
You shoot a sling bullet.
The sling bullet hits the yak but does no damage.
The yak is lightly wounded.
The yak gores you!
You shoot a sling bullet. The sling bullet hits the yak.
The yak is moderately wounded.
The yak gores you. The yak gores you but does no damage.
You shoot a sling bullet. The sling bullet hits the yak!
The yak is moderately wounded.
The yak gores you. The yak misses you.
You shoot a sling bullet. The sling bullet hits the yak.
The yak is heavily wounded.
The yak gores you! The yak misses you. The yak completely misses you.
The yak misses you. You furiously retaliate!
You headbutt the yak. The yak gores you!
You die...

.. ... ....
##.... ......
###.... #...#
#...# #@Y##
#....YYYY....
#....#.###>..
...[### .# .
.## .. ...
.#. ##..


You could see 5 yaks.

Vanquished Creatures
  4 gnolls (D:3)
  2 adders
  5 orcs (D:3)
  4 ball pythons
  2 bats (D:3)
  8 endoplasms
  2 giant cockroaches
  4 goblins
  5 hobgoblins
  2 jackals (D:1)
  8 kobolds
  4 quokkas
  6 rats
56 creatures vanquished.

Notes
Turn   | Place    | Note
-------+----------+-------------------------------------------
     0 | D:1      | qw the Minotaur Hexslinger began the quest for the Orb.
     0 | D:1      | Reached XP level 1. HP: 16/16 MP: 1/1
     0 | D:1      | 0 ||| qw: Version: 0.3-a-52-g30416fa
     0 | D:1      | 0 ||| qw: Game counter: 6545
     0 | D:1      | 0 ||| qw: Melee chars always use a shield: true
     0 | D:1      | 0 ||| qw: God list: Okawaru
     0 | D:1      | 0 ||| qw: Allow faded altars: false
     0 | D:1      | 0 ||| qw: Do Orc after clearing Dungeon:15 true
     0 | D:1      | 0 ||| qw: Do second Lair branch before Depths: true
     0 | D:1      | 0 ||| qw: Lair rune preference: random
     0 | D:1      | 0 ||| qw: Goals: Normal
     0 | D:1      | 0 ||| PLANNING D:1-11
    92 | D:1      | Reached skill level 3 in Ranged Weapons
    92 | D:1      | Reached XP level 2. HP: 23/23 MP: 2/2
   501 | D:1      | 501 ||| UPGRADING to +0 ring mail.
   511 | D:1      | 511 ||| DROPPING +0 robe.
   512 | D:1      | 512 ||| DROPPING ring of flight.
   513 | D:1      | 513 ||| READING scroll labelled ODIRPH VUMMYA.
   514 | D:1      | 514 ||| READING scroll labelled SUIRISTR CELY.
   515 | D:1      | 515 ||| READING scroll labelled AXUTYCS GUHIMME.
   516 | D:1      | 516 ||| DROPPING scroll of poison.
   774 | D:2      | Reached XP level 3. HP: 29/29 MP: 3/3
   906 | D:2      | HP: 7/29 [poisoned by an adder]
   910 | D:2      | HP: 3/29 [poisoned by an adder]
  1088 | D:2      | Reached skill level 4 in Ranged Weapons
  1376 | D:2      | 1376 ||| READING scroll labelled YRIAMUOHONO.
  1377 | D:2      | 1377 ||| READING scroll labelled XIGRONTATS.
  1378 | D:2      | 1378 ||| READING scroll labelled ZAMACHERHO.
  1379 | D:2      | 1379 ||| DRINKING 2 sedimented golden potions.
  1402 | D:3      | 1402 ||| STAIRDANCE
  1426 | D:3      | Reached skill level 1 in Armour
  1429 | D:3      | Reached XP level 4. HP: 21/36 MP: 4/4
  1466 | D:3      | 1466 ||| FLEEEEING.
  1470 | D:3      | 1470 ||| STAIRDANCE
  1609 | D:3      | HP: 9/36 [kobold/+0 dagger (1)]
  1653 | D:3      | 1653 ||| FLEEEEING.
  1654 | D:3      | 1654 ||| FLEEEEING.
  1770 | D:3      | Reached skill level 5 in Ranged Weapons
  1803 | D:3      | Found an ancient bone altar of Kikubaaqudgha.
  1956 | D:3      | Found a faded altar of an unknown god.
  2018 | D:3      | You fall into a shaft and drop 3 floors!
  2019 | D:6      | Noticed a yak
  2019 | D:6      | Noticed a yak
  2020 | D:6      | Noticed a yak
  2021 | D:6      | Noticed a yak
  2022 | D:6      | Noticed a yak
  2027 | D:6      | HP: 4/36 [yak (12)]
  2027 | D:6      | Slain by a yak

Levels and vault maps discovered:
D:1:      dreamdust_arrival_beginning_and_end, layout_rooms, nicolae_titane
D:2:      layout_loops_ring
D:3:      minmay_recursive_quarters, layout_basic, mainiacjoe_overflow_catwalk,
          basic_ecumenical_altar
D:6:      layout_rooms, minmay_temple_entry_drinking_statues, uniq_maggie,
          uniq_duvessa, uniq_sigmund, uniq_prince_ribbit1

Skill      XL: |  1  2  3  4 |
---------------+-------------+-----
Ranged Weapons | 3 4 5 |  5.0
Fighting       | 2 |  2.2
Armour         | 1 |  1.5
Dodging        | |  2.1
Spellcasting   | |  1.0
Hexes          | |  2.0

Action                     |  1- 3 |  4- 6 || total
---------------------------+-------+-------++-------
   Fire: Sling             |   152 |    58 ||   210
    Use: Scroll            |     6 |       ||     6
         Potion            |     1 |       ||     1
 Armour: Robe              |     5 |       ||     5
         Ring mail         |    26 |    15 ||    41
  Dodge: Dodged            |    42 |    23 ||    65

Table legend:
 A = Non-vault XP
 B = Vault XP
 C = Vault XP percentage of total XP
 D = Non-vault monster count
 E = Vault monster count
 F = Vault count percentage of total count
                 A         B        C        D         E       F
            +---------+---------+-------+---------+---------+-------
      Total |     142 |      34 |  19.3 |      46 |      10 |  17.9
            +---------+---------+-------+---------+---------+-------
        D:1 |      35 |       0 |   0.0 |      20 |       0 |   0.0
        D:2 |      35 |       0 |   0.0 |      13 |       0 |   0.0
        D:3 |      72 |      34 |  32.1 |      13 |      10 |  43.5
            +---------+---------+-------+---------+---------+-------
